 Dungeon Crawl Stone Soup version 0.17-a0-1763-g847a857 (webtiles) character file.

688 Rationalist the Shield-Bearer (level 7, -11/61 HPs)
             Began as a Formicid Fighter on Sept 4, 2015.
             Mangled by an ogre
             ... wielding a +0 giant club
              (13 damage)
             ... on level 5 of the Dungeon.
             The game lasted 00:09:53 (4066 turns).

Rationalist the Shield-Bearer (Formicid Fighter)    Turns: 4066, Time: 00:09:53

Health: -11/61     AC:  5    Str: 20    XL:     7   Next: 94%
Magic:  7/7        EV: 10    Int:  8    God:
Gold:   288        SH: 10    Dex: 12    Spells: 0 memorised, 6 levels left

rFire  + . .     SeeInvis +     v - +1 hand axe (chop)
rCold  + . .     Clarity  .     b - +0 scale mail
rNeg   . . .     SustAt   .     c - +0 shield
rPois  .         Gourm    .     (helmet unavailable)
rElec  .         Spirit   .     i - +0 cloak
rCorr  .         Warding  .     (no gloves)
rMut   .         Stasis   +     (no boots)
MR     .....                    (no amulet)
Stlth  ..........               A - ring of protection from fire
                                l - ring of loudness (curse)

@: not resistant to hostile enchantments, extremely unstealthy
A: permanent stasis, dig shafts and tunnels, four strong arms, antennae 3, cold
resistance 1, deformed body, robust 1, subdued magic 1
a: Dig, Shaft Self


You were on level 5 of the Dungeon.
You were hungry.

You visited 1 branch of the dungeon, and saw 5 of its levels.

You collected 288 gold pieces.

Inventory:

Hand weapons
 v - a +1 hand axe of chopping (weapon)
 w - a +1 hand axe of electrocution
 y - a +0 blowgun
Missiles
 a - 12 tomahawks
 k - 15 javelins (quivered)
 p - 16 bolts
 B - 10 poisoned needles
 C - 8 sling bullets
Armour
 b - a +0 scale mail (worn)
 c - a +0 shield (worn)
 i - a +0 cloak (worn)
Jewellery
 l - a cursed ring of loudness (left hand)
 A - a ring of protection from fire (right hand)
 D - a +4 ring of intelligence
Scrolls
 g - 2 scrolls of immolation {unknown}
 h - 2 scrolls of fog {unknown}
 j - a scroll of remove curse {unknown}
 m - a scroll of fear {unknown}
 n - 6 scrolls of identify {unknown}
 t - a scroll of blinking {unknown}
 x - a scroll of amnesia {unknown}
Potions
 d - 2 potions of might
 o - a potion of beneficial mutation
 q - a potion of brilliance {unknown}
 u - a potion of haste {unknown}
 z - a potion of curing {unknown}
Comestibles
 e - 3 bread rations
 f - a slice of pizza
 s - a royal jelly
 E - 2 chunks of flesh
 F - a meat ration


   Skills:
 * Level 5.4 Fighting
 + Level 3.7 Axes
 + Level 5.0 Armour
 + Level 2.7 Dodging
 + Level 1.0 Stealth
 + Level 5.8 Shields


You had 6 spell levels left.
You didn't know any spells.

Dungeon Overview and Level Annotations

Branches:
Dungeon (5/15)
 Temple: D:4-7

Altars:
Dithmenos
Fedhas
Qazlal
Sif Muna


Innate Abilities, Weirdness & Mutations

You are under a permanent stasis effect.
You can dig through walls and to a lower floor.
Your four strong arms can wield two-handed weapons with a shield.
You have a pair of large antennae on your head (SInv).
Your flesh is cold resistant.
Armour fits poorly on your strangely shaped body.
You are robust (+10% HP).
Your spells are a little easier to cast, but a little less powerful.


Message History

The ogre is moderately wounded.
The ogre hits you with a giant club!
* * * LOW HITPOINT WARNING * * *
You slash the ogre!
The ogre is severely wounded.
The ogre hits you with a giant club!
* * * LOW HITPOINT WARNING * * *
Drink which item? (? for menu, Esc to quit)
It was a potion of beneficial mutation.
You feel robust.
You feel fantastic!
Drink which item? (? for menu, Esc to quit)
It was a potion of mutation.
You feel extremely strange.
Your connection to magic feels subdued.
Your body twists and deforms.
You feel resistant to cold. The ogre misses you.
Drink which item? (? for menu, Esc to quit)
It was a potion of cancellation.
You feel magically purged. The ogre hits you with a giant club!
You die...

#........... .+
#.............#
#.............#
#.............# #...
#..# #..# ##+##
#...##..###..###...##
#...O.........#......
#...@.........#......
#.............#......
#.............'......
#.............#......
#........<....#......
#####################


You could see an ogre.

Vanquished Creatures
  A phantom (D:4)
  2 ogres (D:4)
  A scorpion (D:5)
  The ghost of Rationalist the Chopper, a weakling NaBe of Trog (D:3)
  A centaur zombie (D:5)
  A giant frog skeleton (D:3)
  2 iguanas (D:4)
  2 worker ants
  7 adders
  5 worms (D:3)
  6 giant geckos
  10 orcs
  5 ball pythons
  10 giant cockroaches
  4 goblins
  11 hobgoblins
  5 jackals
  3 quokkas
  6 bats
  3 giant newts
  A jackal skeleton (D:4)
  11 kobolds
  8 rats
106 creatures vanquished.

Notes
Turn   | Place    | Note
--------------------------------------------------------------
     0 | D:1      | Rationalist the Formicid Fighter began the quest for the Orb.
     0 | D:1      | Reached XP level 1. HP: 18/18 MP: 1/1
   143 | D:1      | Reached XP level 2. HP: 22/24 MP: 2/2
   367 | D:1      | Reached XP level 3. HP: 30/30 MP: 3/3
   408 | D:1      | Reached skill level 4 in Shields
   868 | D:2      | Found a shadowy altar of Dithmenos.
  1030 | D:2      | Reached XP level 4. HP: 37/37 MP: 4/4
  2028 | D:3      | Reached XP level 5. HP: 29/43 MP: 5/5
  2304 | D:3      | Reached skill level 1 in Dodging
  2600 | D:3      | Noticed Rationalist's ghost (weakling NaBe)
  2612 | D:3      | Killed Rationalist's ghost
  2613 | D:3      | Reached XP level 6. HP: 41/49 MP: 6/6
  2861 | D:4      | Reached skill level 5 in Shields
  2889 | D:4      | Found a deep blue altar of Sif Muna.
  2895 | D:4      | Reached skill level 5 in Fighting
  2895 | D:4      | Reached XP level 7. HP: 20/56 MP: 7/7
  3153 | D:4      | Found a blossoming altar of Fedhas.
  3204 | D:4      | Found a stormy altar of Qazlal.
  3857 | D:5      | Entered Level 5 of the Dungeon
  3868 | D:5      | Reached skill level 5 in Armour
  3951 | D:5      | Reached skill level 1 in Stealth
  4063 | D:5      | HP: 2/56 [ogre/giant club (9)]
  4064 | D:5      | Gained mutation: You are robust (+10% HP). [potion of beneficial mutation]
  4065 | D:5      | Gained mutation: Your spells are a little easier to cast, but a little less powerful. [potion of mutation]
  4065 | D:5      | Gained mutation: Armour fits poorly on your strangely shaped body. [potion of mutation]
  4065 | D:5      | Gained mutation: Your flesh is cold resistant. [potion of mutation]
  4066 | D:5      | Mangled by an ogre

Vault maps used:
D:1:      lemuel_arrival_muddy, serial_glass, glass_columns_a, glass_columns_a,
          due_unseen_surprise, feat_on_display, minmay_strange_pillars,
          item_on_display_a, minivault_27
D:2:      nicolae_dithmenos_shadow_blocks
D:4:      grunt_temple_overflow_forces_of_nature, kennysheep_little_box
D:5:      xom_butterflies, nicolae_ossuary_entry_monument, first_bread

Action                   |  1- 3 |  4- 6 |  7- 9 || total
-------------------------+-------+-------+-------++-------
Melee: War axe           |   102 |     8 |       ||   110
       Hand axe          |       |   168 |   107 ||   275
Throw: Javelin           |       |       |     1 ||     1
 Abil: Dig               |     1 |       |       ||     1
  Use: Potion            |       |       |     3 ||     3
  Eat: Chunk             |     1 |     6 |     3 ||    10
